 Dungeon Sprint DCSS version 0.15-a0-1788-ga796aff (webtiles) character file.

18519 BluebellGnoll the Bludgeoner (level 12, 0/114 HPs)
             Began as an Ogre Hunter on June 29, 2014.
             Was the Champion of Vehumet.
             Shot with a bolt by a naga sharpshooter (19 damage)
             ... in the Dungeon (Sprint IX: "|||||||||||||||||||||||||||||").
             The game lasted 01:03:32 (5456 turns).

BluebellGnoll the Bludgeoner (Ogre Hunter)          Turns: 5456, Time: 01:03:33

HP   0/114       AC  4     Str 20      XL: 12   Next: 59%
MP  31/31        EV 14     Int 19      God: Vehumet [******]
Gold 432         SH  0     Dex 10      Spells:  7 memorised,  5 levels left

rFire  . . .     SeeInvis +     q - +4 quarterstaff "Thris" {flame, rPois}
rCold  + . .     Clarity  .     d - +0 animal skin
rNeg   . . .     rCorr    .     (shield restricted)
rPois  +         rRot     .     (helmet restricted)
rElec  .         Spirit   .     s - +0 cloak
SustAb .         Warding  .     (gloves unavailable)
rMut   .         NoTele   +     (boots unavailable)
Gourm  .                        (no amulet)
MR     +....                    I - ring "Tijecy" {Slay+5 SInv}
                                J - ring "Cheicir" {rC+ Int+5}

@: somewhat resistant to hostile enchantments, very unstealthy
A: unfitting armour, frail 1, tough skin 1
a: Renounce Religion


You were in the Dungeon.
You worshipped Vehumet.
Vehumet was exalted by your worship.
You were not hungry.

You visited 1 branch You collected 1900 gold pieces.
You spent 1468 gold pieces at shops.

Inventory:

Hand weapons
 j - a +2 giant club
 q - the +4 quarterstaff "Thris" (weapon) {flame, rPois}
   (You found it in the Dungeon)

   It emits flame when wielded, causing extra injury to most foes and up to
   double damage against particularly susceptible opponents.
   It protects you from poison.
 y - a +1 mace of pain
 H - a +3 great mace
Missiles
 b - 7 large rocks
 c - a throwing net
 t - a javelin (quivered)
Armour
 d - a +0 animal skin (worn)
 s - a +0 cloak (worn)
Magical devices
 f - a wand of fire (6)
 o - a wand of draining (1)
Comestibles
 r - 7 chunks of swamp dragon flesh
 z - 37 fruits
 A - 12 bread rations
 B - 12 meat rations
Scrolls
 k - 2 scrolls of blinking
 m - 5 scrolls of remove curse
 n - 2 scrolls of amnesia
 w - 6 scrolls of enchant armour
 x - 2 scrolls of identify
 O - a scroll of fog
Jewellery
 u - an uncursed ring of protection from magic
 C - an uncursed ring of protection from fire
 I - the ring "Tijecy" (right hand) {Slay+5 SInv}
   (You bought it in a shop in the Dungeon)

   [ring of see invisible]

   It affects your accuracy and damage with ranged weapons and melee attacks
   (+5).
   It enhances your eyesight.
 J - the ring "Cheicir" (left hand) {rC+ Int+5}
   (You bought it in a shop in the Dungeon)

   [ring of intelligence]

   It affects your intelligence (+5).
   It protects you from cold.
 K - an uncursed ring of fire
Potions
 e - 6 potions of curing
 g - 8 potions of heal wounds
 h - a potion of berserk rage
 i - 4 potions of magic
 l - a potion of invisibility
 M - a potion of brilliance
 N - a potion of might
Magical staves
 p - an uncursed staff of energy
Miscellaneous
 a - a lamp of fire (inert)


   Skills:
 - Level 10.3 Fighting
 - Level 17.6 Maces & Flails
 - Level 10.4 Throwing
 - Level 12.1 Dodging
 - Level 0.7 Stealth
 - Level 10.6 Spellcasting
 + Level 12.8 Conjurations
 - Level 7.3 Air Magic
 * Level 8.0 Evocations


You had 5 spell levels left.
You knew the following spells:

 Your Spells              Type           Power        Failure   Level  Hunger
a - Magic Dart            Conj           ####         1%          1    None
b - Shock                 Conj/Air       ####         1%          1    None
c - Conjure Flame         Conj/Fire      ####....     1%          3    None
d - Mephitic Cloud        Conj/Pois/Air  #####...     1%          3    None
e - Freezing Cloud        Conj/Ice/Air   #####.....   32%         6    ######.
f - Iron Shot             Conj/Erth      ####......   32%         6    ######.
g - Orb of Destruction    Conj           ######....   11%         7    #######


Dungeon Overview and Level Annotations

Branches:
Dungeon (1/1)

Altars:
Cheibriados
Dithmenos
Elyvilon
Fedhas
Gozag
Kikubaaqudgha
Makhleb
Nemelex Xobeh
Okawaru
Qazlal
Sif Muna
Trog
Vehumet
Xom
Yredelemnul
Zin
The Shining One
Beogh
Jiyva
Lugonu

Shops:
D }%==


Innate Abilities, Weirdness & Mutations

You are too large for most types of armour.
You have tough skin (AC +1).
You are frail (-10% HP).


Message History

Vehumet accepts your kill.
You feel your power returning.
Your Evocations skill increases to level 8!
Throwing (i - inventory. (,) - cycle):
t - 2 javelins (quivered)
Press: ? - help, Shift-Dir - straight line, f/p - naga sharpshooter
Aim: a naga sharpshooter, wielding a crossbow of flaming and wearing a robe (noxious fumes, heavily wounded)
You throw a javelin. The javelin hits the naga sharpshooter!
The naga sharpshooter is severely wounded.
The naga sharpshooter mumbles some strange words.
Magically, the naga sharpshooter shoots a bolt.
The bolt hits you!!
* * * LOW HITPOINT WARNING * * *
The bolt burns you.
* * * LOW HITPOINT WARNING * * *
x2 The naga sharpshooter unwields an uncursed battleaxe.
The naga sharpshooter wields a crossbow.
The naga sharpshooter mumbles some strange words.
Magically, the naga sharpshooter shoots a bolt.
The bolt hits you!!
You die...

▓N▓.▓.▓.▓)▓.▓.▓.▓_
▓.▓.▓[▓.▓.▓.▓'▓.▓_
▓S▓.▓)▓.▓.▓.▓.▓.▓_
▓N▓.▓[▓.▓.▓.▓.▓.▓_
▓)▓.▓[▓.▓.▓.▓.▓.▓_
▓N▓.▓.▓.▓'▓.▓.▓.▓_
▓§▓.▓[▓.▓[▓.▓.▓.▓_
▓'▓.▓[▓.▓)▓.▓.▓.▓_
♣@♣.▓[▓.▓.▓.▓.▓.▓_
♣.♣.▓.▓.▓)▓.▓.▓%▓_
♣.♣.▓)▓.▓.▓.▓.▓.▓_
♣.♣.▓)▓.▓.▓.▓'▓.▓_
♣%♣.▓)▓.▓.▓.▓)▓.▓_
♣(♣.▓)▓.▓)▓.▓.▓.▓_
♣.♣.▓)▓.▓)▓.▓.▓.▓'
♣.♣.▓)▓.▓)▓.▓.▓.▓.
♣%♣.▓)▓.▓[▓.▓.▓.▓.


You could see 2 naga sharpshooters, a salamander and a black mamba.

Vanquished Creatures
  A stone giant (D)
  An alligator (D)
  A hydra (D)
  An anaconda (D)
  A tengu warrior (D)
  Urug (D)
  A centaur warrior (D)
  A catoblepas (D)
  A giant orange brain (D)
  An unseen horror (D)
  A swamp dragon (D)
  8 orc knights (D)
  A hill giant (D)
  A manticore (D)
  2 elephants (D)
  A red wasp (D)
  3 spiny frogs (D)
  Psyche (D)
  A komodo dragon (D)
  A two-headed ogre (D)
  A slime creature (D)
  4 giant leeches (D)
  A tengu conjurer (D)
  A bog body (D)
  A kobold demonologist (D)
  2 yaks (D)
  An ugly thing (D)
  Eustachio (D)
  A deep elf mage (D)
  2 vampire mosquitoes (D)
  A mottled dragon (D)
  A naga (D)
  17 orc warriors (D)
  2 porcupines (D)
  6 water moccasins (D)
  A centaur (D)
  A crocodile (D)
  An ogre (D)
  A boggart (D)
  3 giant frogs (D)
  A scorpion (D)
  A wight (D)
  A crimson imp (D)
  A hound (D)
  2 orc priests (D)
  2 orc wizards (D)
  A worker ant (D)
  An iguana (D)
  A sheep (D)
  4 adders (D)
  10 orcs (D)
  A bat skeleton (D)
  3 hobgoblins (D)
  A quokka (D)
  A giant newt (D)
  2 goblins (D)
  A kobold (D)
  3 rats (D)
116 creatures vanquished.

Vanquished Creatures (others)
  An unseen horror (D)
  A plant (D)
2 creatures vanquished.

Grand Total: 118 creatures vanquished

Notes
Turn   | Place    | Note
--------------------------------------------------------------
     0 | D        | BluebellGnoll, the Ogre Hunter, began the quest for the Orb.
     0 | D        | Reached XP level 1. HP: 22/22 MP: 1/1
    66 | D        | Noticed an ogre
    66 | D        | Noticed a worker ant
    72 | D        | Killed a worker ant
    72 | D        | Reached skill level 7 in Maces & Flails
    72 | D        | Reached XP level 2. HP: 32/32 MP: 2/2
    72 | D        | Reached XP level 3. HP: 39/39 MP: 3/3
    80 | D        | Killed an ogre
    80 | D        | Reached skill level 10 in Maces & Flails
    80 | D        | Reached XP level 4. HP: 52/52 MP: 4/4
    93 | D        | Found a glowing silver altar of Zin.
    93 | D        | Found a glowing golden altar of the Shining One.
    93 | D        | Found an ancient bone altar of Kikubaaqudgha.
    93 | D        | Found a basalt altar of Yredelemnul.
    93 | D        | Found a shimmering altar of Xom.
    93 | D        | Found a radiant altar of Vehumet.
    93 | D        | Found an iron altar of Okawaru.
    94 | D        | Found a burning altar of Makhleb.
    95 | D        | Found a deep blue altar of Sif Muna.
    96 | D        | Found a bloodstained altar of Trog.
    97 | D        | Found a sparkling altar of Nemelex Xobeh.
    98 | D        | Found a white marble altar of Elyvilon.
    99 | D        | Found a roughly hewn altar of Beogh.
   100 | D        | Found a viscous altar of Jiyva.
   101 | D        | Became a worshipper of Vehumet
   102 | D        | Found a corrupted altar of Lugonu.
   103 | D        | Found a blossoming altar of Fedhas.
   104 | D        | Found a snail-covered altar of Cheibriados.
   105 | D        | Found a shadowy altar of Dithmenos.
   106 | D        | Found a stormy altar of Qazlal.
   107 | D        | Found an opulent altar of Gozag.
   126 | D        | Got the +4 quarterstaff "Thris" {flame, rPois}
   126 | D        | Got the +2 scimitar of Phing {freeze, rF+}
   152 | D        | Noticed a yak
   152 | D        | Noticed a wight
   152 | D        | Noticed a scorpion
   157 | D        | Killed a scorpion
   157 | D        | Reached XP level 5. HP: 56/59 MP: 5/5
   160 | D        | Acquired Vehumet's first power
   160 | D        | Offered knowledge of Magic Dart by Vehumet.
   164 | D        | Killed a wight
   170 | D        | Killed a yak
   170 | D        | Reached skill level 10 in Throwing
   170 | D        | Reached XP level 6. HP: 61/67 MP: 6/6
   199 | D        | Learned a level 1 spell: Magic Dart
   199 | D        | Noticed a crimson imp
   199 | D        | Noticed a kobold demonologist
   199 | D        | Noticed a water moccasin
   199 | D        | Noticed a deep elf mage
   199 | D        | Noticed a tengu conjurer
   199 | D        | Noticed a centaur
   202 | D        | Killed a centaur
   202 | D        | Offered knowledge of Shock by Vehumet.
   202 | D        | Reached skill level 5 in Dodging
   203 | D        | Killed a water moccasin
   203 | D        | Reached skill level 11 in Maces & Flails
   203 | D        | Reached XP level 7. HP: 72/80 MP: 7/7
   206 | D        | Noticed a neqoxec
   208 | D        | Killed a deep elf mage
   209 | D        | Killed a tengu conjurer
   209 | D        | Acquired Vehumet's second power
   209 | D        | Reached skill level 12 in Maces & Flails
   209 | D        | Gained mutation: You are frail (-10% HP). [a neqoxec]
   213 | D        | Killed a kobold demonologist
   213 | D        | Reached skill level 10 in Fighting
   213 | D        | Reached XP level 8. HP: 70/83 MP: 8/8
   216 | D        | Killed a crimson imp
   253 | D        | Learned a level 1 spell: Shock
   266 | D        | Noticed Psyche
   282 | D        | Killed Psyche
   282 | D        | Offered knowledge of Conjure Flame by Vehumet.
   349 | D        | Learned a level 3 spell: Conjure Flame
   519 | D        | Noticed a komodo dragon
   519 | D        | Noticed a yak
   519 | D        | Noticed a water moccasin
   519 | D        | Noticed an iguana
   522 | D        | Noticed a hound
   522 | D        | Offered knowledge of Mephitic Cloud by Vehumet.
   522 | D        | Acquired Vehumet's third power
   532 | D        | Killed an iguana
   533 | D        | Killed a yak
   533 | D        | Reached skill level 1 in Conjurations
   534 | D        | Killed a hound
   535 | D        | Killed a water moccasin
   535 | D        | Reached skill level 13 in Maces & Flails
   535 | D        | Reached skill level 5 in Spellcasting
   542 | D        | Killed a komodo dragon
   542 | D        | Reached skill level 10 in Dodging
   542 | D        | Reached XP level 9. HP: 56/91 MP: 13/21
   731 | D        | Learned a level 3 spell: Mephitic Cloud
   736 | D        | Noticed an elephant
   736 | D        | Noticed a water moccasin
   736 | D        | Noticed a porcupine
   736 | D        | Noticed an elephant
   736 | D        | Noticed a giant frog
   740 | D        | Noticed a porcupine
   743 | D        | Killed a giant frog
   743 | D        | Offered knowledge of Olgreb's Toxic Radiance by Vehumet.
   748 | D        | Noticed a crocodile
   762 | D        | Killed a porcupine
   769 | D        | Killed an elephant
   769 | D        | Reached skill level 14 in Maces & Flails
   773 | D        | Killed a water moccasin
   775 | D        | Killed an elephant
   778 | D        | Killed a porcupine
   788 | D        | Killed a crocodile
  1055 | D        | Noticed a giant leech
  1055 | D        | Noticed a vampire mosquito
  1055 | D        | Noticed a giant leech
  1055 | D        | Noticed a giant frog
  1055 | D        | Noticed a vampire mosquito
  1055 | D        | Noticed a giant leech
  1055 | D        | Noticed a spiny frog
  1063 | D        | Killed a vampire mosquito
  1063 | D        | Offered knowledge of Ozocubu's Refrigeration by Vehumet.
  1064 | D        | Killed a giant frog
  1071 | D        | Noticed a spiny frog
  1071 | D        | Killed a spiny frog
  1071 | D        | Reached XP level 10. HP: 21/99 MP: 25/27
  1086 | D        | HP: 1/99 [giant leech (24)]
  1094 | D        | Killed a giant leech
  1479 | D        | Killed a giant leech
  1708 | D        | Killed a vampire mosquito
  1708 | D        | Offered knowledge of Freezing Cloud by Vehumet.
  1708 | D        | Reached skill level 10 in Spellcasting
  1731 | D        | Learned a level 6 spell: Freezing Cloud
  1844 | D        | Killed a giant leech
  1844 | D        | Reached skill level 5 in Conjurations
  1895 | D        | Killed a spiny frog
  1960 | D        | Noticed Eustachio
  1968 | D        | Killed Eustachio
  2021 | D        | Noticed an orc warrior
  2021 | D        | Noticed an orc warrior
  2021 | D        | Noticed an orc priest
  2026 | D        | Noticed an orc warrior
  2026 | D        | Killed an orc priest
  2031 | D        | Noticed an orc priest
  2032 | D        | Killed an orc warrior
  2033 | D        | Offered knowledge of Lightning Bolt by Vehumet.
  2036 | D        | Killed an orc warrior
  2041 | D        | Killed an orc priest
  2042 | D        | Killed an orc warrior
  2104 | D        | Noticed an orc wizard
  2106 | D        | Killed an orc wizard
  2415 | D        | Noticed an orc warrior
  2415 | D        | Noticed an orc warrior
  2415 | D        | Noticed an orc warrior
  2415 | D        | Noticed an orc warrior
  2415 | D        | Noticed an orc warrior
  2417 | D        | Noticed an orc warrior
  2423 | D        | Noticed an orc warrior
  2427 | D        | Killed an orc warrior
  2430 | D        | Killed an orc warrior
  2436 | D        | Noticed an orc warrior
  2442 | D        | Killed an orc warrior
  2442 | D        | Reached skill level 15 in Maces & Flails
  2442 | D        | Reached skill level 1 in Air Magic
  2445 | D        | Noticed an orc warrior
  2446 | D        | Killed an orc warrior
  2448 | D        | Killed an orc warrior
  2450 | D        | Killed an orc warrior
  2461 | D        | Killed an orc warrior
  2464 | D        | Killed an orc warrior
  2464 | D        | Offered knowledge of Poisonous Cloud by Vehumet.
  2474 | D        | Killed an orc warrior
  2723 | D        | Noticed an orc wizard
  2731 | D        | Killed an orc wizard
  2811 | D        | Found Shroits' Jewellery Boutique.
  2811 | D        | Noticed an orc warrior
  2811 | D        | Noticed an orc knight
  2811 | D        | Noticed an orc knight
  2811 | D        | Noticed an orc warrior
  2811 | D        | Noticed an orc warrior
  2811 | D        | Noticed an orc knight
  2822 | D        | Killed an orc warrior
  2872 | D        | Killed an orc knight
  2888 | D        | Killed an orc knight
  2926 | D        | Killed an orc knight
  2926 | D        | Reached XP level 11. HP: 37/107 MP: 15/30
  2934 | D        | Killed an orc warrior
  2934 | D        | Offered knowledge of Iron Shot by Vehumet.
  3209 | D        | Killed an orc warrior
  3213 | D        | Noticed an orc knight
  3237 | D        | Killed an orc knight
  3474 | D        | Found Ijib's Jewellery Shop.
  3477 | D        | Found Shreadag's Food Boutique.
  3479 | D        | Noticed an orc knight
  3499 | D        | Noticed an orc warrior
  3503 | D        | Killed an orc knight
  3506 | D        | Noticed an orc knight
  3506 | D        | Killed an orc warrior
  3508 | D        | Noticed an orc warrior
  3521 | D        | Killed an orc knight
  3521 | D        | Reached skill level 16 in Maces & Flails
  3522 | D        | Killed an orc warrior
  3566 | D        | Found Camuj's Gadget Shop.
  3578 | D        | Noticed an orc knight
  3603 | D        | Killed an orc knight
  3603 | D        | Reached skill level 17 in Maces & Flails
  3625 | D        | Noticed an orc knight
  3648 | D        | Killed an orc knight
  3691 | D        | Bought a lamp of fire for 400 gold pieces
  3698 | D        | Bought the ring "Tijecy" {Slay+5 SInv} for 516 gold pieces
  3703 | D        | Bought the ring "Cheicir" {rC+ Int+5} for 552 gold pieces
  3721 | D        | Learned a level 6 spell: Iron Shot
  3761 | D        | Noticed Urug
  3817 | D        | Killed Urug
  3817 | D        | Reached skill level 1 in Evocations
  4104 | D        | Noticed a two-headed ogre
  4104 | D        | Noticed a mottled dragon
  4104 | D        | Noticed a centaur warrior
  4104 | D        | Noticed a giant frog
  4104 | D        | Noticed an unseen horror
  4104 | D        | Noticed a seven-headed hydra
  4104 | D        | Noticed a manticore
  4111 | D        | Killed a giant frog
  4111 | D        | Killed a manticore
  4113 | D        | Killed a seven-headed hydra
  4113 | D        | Reached skill level 10 in Conjurations
  4113 | D        | Reached skill level 5 in Air Magic
  4114 | D        | Killed an unseen horror
  4114 | D        | Offered knowledge of Bolt of Cold by Vehumet.
  4117 | D        | Noticed an unseen horror
  4119 | D        | Noticed a tengu warrior
  4123 | D        | Killed a mottled dragon
  4125 | D        | Noticed a boggart
  4126 | D        | Noticed a hill giant
  4127 | D        | Killed a centaur warrior
  4128 | D        | Noticed a stone giant
  4128 | D        | Killed a two-headed ogre
  4407 | D        | Killed an unseen horror
  4424 | D        | Killed a tengu warrior
  4763 | D        | Killed a boggart
  4763 | D        | Reached XP level 12. HP: 114/114 MP: 31/31
  4819 | D        | Noticed a giant orange brain
  4823 | D        | Killed a hill giant
  4823 | D        | Reached skill level 5 in Evocations
  4825 | D        | Killed a stone giant
  4825 | D        | Offered knowledge of Orb of Destruction by Vehumet.
  4827 | D        | Killed a giant orange brain
  4839 | D        | Learned a level 7 spell: Orb of Destruction
  4977 | D        | Noticed a brown ugly thing
  4988 | D        | Killed a brown ugly thing
  4989 | D        | Noticed a catoblepas
  5006 | D        | Killed a catoblepas
  5339 | D        | Noticed a red wasp
  5339 | D        | Noticed a slime creature
  5339 | D        | Noticed a bog body
  5339 | D        | Noticed an alligator
  5339 | D        | Noticed a swamp dragon
  5339 | D        | Noticed a spiny frog
  5341 | D        | Killed a spiny frog
  5343 | D        | Killed a red wasp
  5343 | D        | Killed an alligator
  5343 | D        | Killed a swamp dragon
  5343 | D        | Killed a bog body
  5344 | D        | Killed a slime creature
  5344 | D        | Offered knowledge of Fire Storm by Vehumet.
  5344 | D        | Offered knowledge of Glaciate by Vehumet.
  5344 | D        | Offered knowledge of Chain Lightning by Vehumet.
  5345 | D        | Noticed a water moccasin
  5351 | D        | Noticed a giant leech
  5373 | D        | Killed a water moccasin
  5383 | D        | Killed a giant leech
  5449 | D        | Noticed a black mamba
  5449 | D        | Noticed a naga sharpshooter
  5449 | D        | Noticed a water moccasin
  5449 | D        | Noticed an anaconda
  5449 | D        | Noticed a naga sharpshooter
  5449 | D        | Noticed a naga
  5449 | D        | Noticed a water moccasin
  5450 | D        | Killed a naga
  5451 | D        | Killed a water moccasin
  5452 | D        | Killed a water moccasin
  5455 | D        | Noticed a salamander
  5455 | D        | Killed an anaconda
  5456 | D        | Shot with a bolt by a naga sharpshooter

Action                   |  1- 3 |  4- 6 |  7- 9 | 10-12 || total
-------------------------+-------+-------+-------+-------++-------
Melee: Club              |    21 |       |       |       ||    21
       Giant club        |       |     8 |    45 |    88 ||   141
       Quarterstaff      |       |       |     3 |     6 ||     9
       Mace              |       |       |       |    14 ||    14
       Great mace        |       |       |       |    22 ||    22
Throw: Large rock        |       |     9 |    11 |    15 ||    35
       Throwing net      |       |     1 |     1 |       ||     2
       Javelin           |       |       |       |    11 ||    11
 Cast: Shock             |       |       |    33 |    40 ||    73
       Mephitic Cloud    |       |       |     3 |    43 ||    46
       Magic Dart        |       |       |       |    71 ||    71
       Conjure Flame     |       |       |       |    20 ||    20
Evoke: Wand              |       |       |     6 |       ||     6
       Lamp of fire      |       |       |       |     2 ||     2
  Use: Potion            |     1 |     1 |     1 |     2 ||     5
       Scroll            |       |       |     2 |       ||     2
 Stab: Confused          |       |       |       |    16 ||    16
